 Dungeon Crawl Stone Soup version 0.26.0-57-g60708a5e39 (webtiles) character file.

Game seed: 16119925709675233415

14440 Gauvater the Fighter (level 12, -5/97 HPs)
             Began as a Formicid Fighter on Feb 1, 2021.
             Was an Elder of Wu Jian.
             Slain by a seven-headed hydra (10 damage)
             ... on level 2 of the Lair of Beasts.
             The game lasted 01:17:48 (16519 turns).

Gauvater the Fighter (Formicid Fighter)            Turns: 16519, Time: 01:17:54

Health: -5/97      AC: 11    Str: 24    XL:     12   Next: 45%
Magic:  12/12      EV: 13    Int: 10    God:    Wu Jian [****..]
Gold:   756        SH: 12    Dex: 10    Spells: 11/11 levels left

rFire    + . .     SeeInvis +   L - +5 scimitar
rCold    . . .     Faith    +   c - +0 kite shield
rNeg     . . .     Spirit   .   C - +1 swamp dragon scales
rPois    +         Reflect  .   (helmet unavailable)
rElec    .         Harm     .   (no cloak)
rCorr    .         Rampage  .   y - +0 pair of gloves
Will     ++...                  (no boots)
Stlth    +++.......             H - amulet of faith
HPRegen  0.26/turn              f - ring of protection from fire
MPRegen  0.13/turn              B - ring of willpower

@: mighty
A: permanent stasis, dig shafts and tunnels, four strong arms, antennae 3
a: Dig, Shaft Self, Renounce Religion, Wall Jump, Serpent's Lash


You were on level 2 of the Lair of Beasts.
You worshipped Wu Jian.
Wu Jian was greatly pleased with you.
You visited 3 branches of the dungeon, and saw 16 of its levels.

You collected 756 gold pieces.

Inventory:

Hand Weapons
 A - the +9 lance "Wyrmbane" {slay drac, rPois rF+ rC+ AC+3}
   (You took it off Maggie on level 6 of the Dungeon)

   It affects your AC (+3).
   It protects you from fire.
   It protects you from cold.
   It protects you from poison.
 D - a +5 trident of flaming
 I - a cursed +3 halberd of freezing
 L - a +5 scimitar (weapon)
 M - a +4 hand crossbow of freezing
 O - a +2 vampiric spear
Missiles
 a - 3 throwing nets
 e - 130 sling bullets
 t - 7 boomerangs
 w - 335 stones
 x - 12 javelins
 E - 17 poisoned darts
 J - 7 atropa-tipped darts
 N - 50 bolts
Armour
 c - a +0 kite shield (worn)
 y - a +0 pair of gloves (worn)
 C - +1 swamp dragon scales (worn)
Jewellery
 f - a ring of protection from fire (left hand)
 j - an uncursed amulet of reflection {unknown}
 B - a ring of willpower (right hand)
 H - an amulet of faith (around neck)
Wands
 d - a wand of digging (5)
 r - a wand of polymorph (1)
 z - a wand of acid (5)
 K - a wand of flame (51)
Scrolls
 h - a scroll of random uselessness {unknown}
 m - 6 scrolls of remove curse
 o - 3 scrolls of amnesia
 q - 8 scrolls of enchant armour
 v - 2 scrolls of enchant weapon
 G - a scroll of brand weapon {unknown}
 S - a scroll of fog {unknown}
Potions
 g - 4 potions of curing
 i - a potion of resistance
 k - a potion of berserk rage {unknown}
 l - 2 potions of invisibility {unknown}
 s - a potion of ambrosia {unknown}
 u - a potion of cancellation {unknown}
 F - 2 potions of lignification {unknown}
 P - a potion of mutation {unknown}
 T - a potion of magic {unknown}


   Skills:
 * Level 9.8 Fighting
 + Level 0.8 Long Blades
 + Level 6.7(9.1) Axes
 + Level 9.5(10.4) Polearms
 - Level 2.1 Crossbows
 + Level 7.8 Armour
 + Level 4.8 Dodging
 + Level 9.2 Stealth
 + Level 9.2 Shields


You had 11 spell levels left.
You didn't know any spells.
Your spell library contained the following spells:

 Spells                   Type           Power        Failure   Level
 Animate Skeleton         Necr           0%           50%         1
 Apportation              Tloc           0%           50%         1
 Corona                   Hex            0%           50%         1
 Magic Dart               Conj           0%           50%         1
 Summon Small Mammal      Summ           0%           50%         1
 Ensorcelled Hibernation  Hex/Ice        0%           63%         2
 Searing Ray              Conj           0%           63%         2
 Sublimation of Blood     Necr           0%           63%         2
 Confusing Touch          Hex            0%           86%         3
 Dazzling Flash           Conj/Hex       0%           86%         3
 Gell's Gravitas          Tloc           0%           86%         3
 Tukima's Dance           Hex            0%           86%         3
 Vampiric Draining        Necr           0%           86%         3
 Animate Dead             Necr           0%           99%         4
 Fulminant Prism          Conj/Hex       0%           99%         4
 Iskenderun's Mystic Bla  Conj/Tloc      0%           99%         4
 Petrify                  Tmut/Erth      0%           99%         4
 Metabolic Englaciation   Hex/Ice        0%           100%        5
 Yara's Violent Unravell  Hex/Tmut       0%           100%        5
 Death Channel            Necr           0%           100%        6


Dungeon Overview and Level Annotations

Branches:
Dungeon (12/15)            Temple (1/1) D:4            Lair (3/6) D:11
  Swamp: Lair:2-4    Shoals: Lair:2-4     Snake: Lair:2-4    Spider: Lair:2-4
    Orc: D:9-12

Altars:
Cheibriados
Dithmenos
Elyvilon
Fedhas
Hepliaklqana
Kikubaaqudgha
Makhleb
Okawaru
Qazlal
Ru
Sif Muna
Uskayaw
Vehumet
Wu Jian
Xom
Yredelemnul
Zin
The Shining One

Shops:
D:5 =   D:7 (

Annotations:
D:2 1 runed translucent door, Crazy Yiuf
D:6 1 runed translucent door, kwass's ghost, novice GnWn


Innate Abilities, Weirdness & Mutations

You cannot be hasted, slowed, berserked, paralysed or teleported.
You can dig through walls and to a lower floor.
Your four strong arms can wield two-handed weapons with a shield.
You have a pair of large antennae on your head. (SInv)


Message History

* * * LOW HITPOINT WARNING * * *
The six-headed hydra bites you!
* * * LOW HITPOINT WARNING * * *
You block the six-headed hydra's attack.
The water moccasin barely misses you.
You riposte.
You slash the water moccasin!
The water moccasin is moderately wounded.
You slice one of the six-headed hydra's heads off!
The five-headed hydra grows two more!
You slash the seven-headed hydra!
The seven-headed hydra is moderately wounded.
The komodo dragon bites you but does no damage.
The water moccasin bites you but does no damage.
The seven-headed hydra bites you.
* * * LOW HITPOINT WARNING * * *
The seven-headed hydra bites you but does no damage.
The seven-headed hydra misses you.
You block the seven-headed hydra's attack. x2
The seven-headed hydra closely misses you.
The seven-headed hydra bites you!
You die...

#.....P# #.....## ##....#
# ##..#### ###.##
#....#.#### #P....#
####.........#
..)....#####.#####......##
#P....Dl#.#..#######...#
#.....S@.....#.# ##.P#
##............# #...#
#........##.#..### ##...#
#......#######...###...#.
......... #....#....###
.....#... ##.......## #
....###.. ###....## # ..
##.### # #.##


You could see a seven-headed hydra, a komodo dragon and a water moccasin.

Vanquished Creatures
  Fannar (D:11)
  Harold (D:8)
  A hydra (Lair:1)
  A two-headed ogre (D:8)
  Urug (Lair:1)
  2 ugly things
  A manticore (D:12)
  Joseph (D:7)
  3 black mambas
  2 cane toads
  Maggie (D:6)
  A komodo dragon (Lair:1)
  A rime drake (Lair:1)
  2 trolls
  A basilisk (Lair:1)
  A wyvern (D:10)
  12 yaks
  A wraith (D:11)
  3 water moccasins
  Duvessa (D:4)
  2 ice beasts
  3 phantoms
  3 orc warriors (D:10)
  4 black bears (D:11)
  A necrophage (D:10)
  A sky beast (D:11)
  A centaur (D:10)
  2 ogres
  A big kobold (D:8)
  Blork the orc (D:6)
  8 bullfrogs
  A wyvern zombie (D:7)
  A water moccasin zombie (D:5)
  Dowan (D:4)
  6 scorpions
  6 spriggan skeletons (D:9)
  A troll skeleton (D:9)
  3 wights
  3 howler monkeys
  3 jellies
  4 orc priests
  6 hounds
  A bullfrog skeleton (D:4)
  5 orc wizards
  An iguana (D:11)
  Natasha (thrice) (D:4)
  5 worker ants
  Terence (D:2)
  Robin (D:1)
  6 gnolls
  9 adders
  A howler monkey skeleton (D:6)
  A shadow imp (D:8)
  4 white imps
  An ufetubus (D:10)
  An adder skeleton (D:2)
  2 dart slugs
  3 leopard geckos
  30 orcs
  8 bats
  3 giant cockroaches
  21 goblins
  14 hobgoblins
  6 jackals
  2 quokkas
  4 ball pythons
  11 frilled lizards
  2 giant cockroach zombies (D:1)
  A jackal skeleton (D:4)
  11 kobolds
  2 quokka zombies
  11 rats
271 creatures vanquished.

Vanquished Creatures (others)
  An orc wizard (D:5)
  5 fungi
  6 plants
12 creatures vanquished.

Grand Total: 283 creatures vanquished

Notes
Turn   | Place    | Note
-------+----------+-------------------------------------------
     0 | D:1      | Gauvater the Formicid Fighter began the quest for the Orb.
     0 | D:1      | Reached XP level 1. HP: 18/18 MP: 1/1
   141 | D:1      | Reached XP level 2. HP: 21/24 MP: 2/2
   365 | D:1      | Reached XP level 3. HP: 28/29 MP: 3/3
   983 | D:2      | Noticed Robin
  1050 | D:2      | Noticed Terence
  1242 | D:1      | Reached XP level 4. HP: 24/37 MP: 4/4
  1242 | D:1      | Killed Robin
  1489 | D:2      | Killed Terence
  1490 | D:2      | Reached skill level 1 in Dodging
  1490 | D:2      | Reached XP level 5. HP: 39/42 MP: 5/5
  1870 | D:2      | You fall into a shaft and drop 2 floors!
  1971 | D:4      | Noticed a phantom
  1982 | D:4      | Reached XP level 6. HP: 27/48 MP: 6/6
  1985 | D:4      | Killed a phantom
  2192 | D:4      | Noticed Natasha
  2203 | D:4      | Killed Natasha
  2204 | D:4      | Reached skill level 5 in Shields
  2246 | D:4      | Noticed Dowan
  2247 | D:4      | Noticed Duvessa
  2253 | D:4      | Killed Duvessa
  2254 | D:4      | Reached XP level 7. HP: 46/55 MP: 7/7
  2255 | D:4      | Killed Dowan
  2256 | D:4      | Reached skill level 5 in Axes
  2558 | D:4      | Noticed Natasha
  2565 | D:4      | Killed Natasha
  2710 | D:4      | Found a staircase to the Ecumenical Temple.
  2718 | Temple   | Entered the Ecumenical Temple
  2797 | Temple   | Became a worshipper of the Wu Jian Council
  2830 | D:4      | Noticed Natasha
  2849 | D:4      | Killed Natasha
  3206 | D:5      | Entered Level 5 of the Dungeon
  3299 | D:3      | Reached skill level 1 in Stealth
  4128 | D:2      | Found a runed translucent door.
  4129 | D:2      | Noticed Crazy Yiuf
  4875 | D:5      | Reached XP level 8. HP: 46/61 MP: 8/8
  5020 | D:5      | Reached skill level 5 in Armour
  5162 | D:5      | Reached * piety under Wu Jian
  5859 | D:5      | Found Lugoocs's Jewellery Shop.
  6066 | D:6      | Noticed Maggie
  6072 | D:6      | Killed Maggie
  6073 | D:6      | Reached skill level 5 in Fighting
  6161 | D:6      | Noticed Blork the orc
  6172 | D:6      | Killed Blork the orc
  6486 | D:6      | Reached XP level 9. HP: 68/68 MP: 9/9
  6523 | D:6      | Reached skill level 1 in Polearms
  6778 | D:6      | Found a runed translucent door.
  6966 | D:6      | Noticed kwass's ghost (novice GnWn)
  7177 | D:7      | Noticed Joseph
  7259 | D:7      | Killed Joseph
  7260 | D:7      | Reached skill level 5 in Stealth
  8065 | D:7      | Found Qarocoug's Antique Weapon Shoppe.
  8772 | D:8      | Found a white marble altar of Elyvilon.
  8782 | D:8      | Noticed Harold
  8812 | D:8      | Killed Harold
  8813 | D:8      | Reached XP level 10. HP: 36/76 MP: 10/10
  9107 | D:8      | Noticed a two-headed ogre
  9119 | D:8      | Killed a two-headed ogre
  9120 | D:8      | Reached skill level 5 in Polearms
  9120 | D:8      | Reached skill level 1 in Crossbows
  9243 | D:8      | Reached ** piety under Wu Jian
  9748 | D:8      | Found an ornate altar of the Wu Jian Council.
 10292 | D:9      | Noticed Maurice
 10296 | D:9      | Noticed Maurice
 10296 | D:9      | Maurice changed into Maurice the black mamba
 10297 | D:9      | Found a stormy altar of Qazlal.
 10307 | D:9      | Killed Maurice the black mamba
 10677 | D:9      | Found a radiant altar of Vehumet.
 10684 | D:9      | Found a hide-covered altar of Uskayaw.
 10709 | D:9      | Found a shimmering altar of Xom.
 10940 | D:9      | Found a shimmering blue altar of Sif Muna.
 11076 | D:9      | Noticed a white ugly thing
 11091 | D:9      | Killed a white ugly thing
 11625 | D:9      | Reached XP level 11. HP: 83/83 MP: 11/11
 11671 | D:9      | Found a white marble altar of Elyvilon.
 11672 | D:9      | Found a blossoming altar of Fedhas.
 11672 | D:9      | Found a burning altar of Makhleb.
 11672 | D:9      | Found a glowing golden altar of the Shining One.
 11672 | D:9      | Found an iron altar of Okawaru.
 11675 | D:9      | Found a sacrificial altar of Ru.
 11676 | D:9      | Found a basalt altar of Yredelemnul.
 11785 | D:10     | Entered Level 10 of the Dungeon
 11848 | D:10     | Noticed a cyan ugly thing
 11857 | D:10     | Killed a cyan ugly thing
 11959 | D:10     | Reached *** piety under Wu Jian
 12881 | D:11     | Reached **** piety under Wu Jian
 12973 | D:11     | Noticed Fannar
 13307 | D:11     | Killed Fannar
 13636 | D:11     | Found a staircase to the Lair.
 14043 | D:12     | Noticed a manticore
 14059 | D:12     | Killed a manticore
 14194 | Lair:1   | Entered Level 1 of the Lair of Beasts
 14343 | Lair:1   | Identified the Guide on Evil Rituals
 14353 | Lair:1   | Noticed Urug
 14378 | Lair:1   | Killed Urug
 14447 | Lair:1   | Reached XP level 12. HP: 60/94 MP: 12/12
 15450 | Lair:1   | Noticed a seven-headed hydra
 15458 | Lair:1   | Killed an eight-headed hydra
 16503 | Lair:2   | Noticed a five-headed hydra
 16519 | Lair:2   | Slain by a seven-headed hydra

Illustrated notes

Levels and vault maps discovered:
D:1:      saegor_arrival_fortress, layout_loops_ring
D:2:      layout_loops_ring, uniq_terence, uniq_crazy_yiuf_cottage, uniq_robin
D:3:      layout_rooms
D:4:      layout_loops_cross, temple_green, uniq_duvessa, uniq_natasha
D:5:      layout_loops_ring, serial_shops, shop
D:6:      layout_basic, ebering_ghost_reflecting_pool, minivault_14,
          uniq_maggie, uniq_blork_the_orc
D:7:      layout_basic, serial_shops, nicolae_shop_crystal,
          chequers_serial_rivers_room_b, uniq_joseph
D:8:      layout_loops_corners, basic_altar, elyvilon_altar_3, uniq_harold
D:9:      layout_small_grid, kennysheep_mini_moat,
          nicolae_qazlal_style_of_elements, minitemple, serial_co_window_serial,
          co_window_paths_a, co_window_of_opportunity_a,
          co_window_of_opportunity_a, co_window_of_opportunity_a,
          co_window_of_opportunity_a, co_window_broadway_c, co_window_paths_c,
          co_window_unsneaky_path_b, co_window_paths_e, minmay_misc_feat_cross,
          minmay_liquid_box, minmay_strange_pillars, hangedman_tell_no_tales,
          uniq_maurice
D:10:     layout_roguey
D:11:     layout_loops_corners, due_lair_maze_entry_diamond, uniq_fannar
D:12:     lemuel_upstairs_altar, layout_irregular_city, orc_david_3
Temple:   compressed_dpeg_circular_temple
Lair:1:   layout_chaotic_city, minivault_25, grunt_megastairs_2,
          serial_bayou_shore_b, uniq_urug
Lair:2:   layout_layer_cave
Lair:3:   layout_loops_ring, spider_nest_entry_webs, grunt_megastairs_3

Skill      XL: |  1  2  3  4  5  6  7  8  9 10 11 12 |
---------------+-------------------------------------+-----
Shields        | 4 5 6 7 8 9 |  9.2
Axes           | 3 4 5 6 |  6.7
Fighting       | 4 5 6 8 9 |  9.8
Dodging        | 1 2 3 4 |  4.8
Armour         | 4 5 6 7 |  7.8
Stealth        | 2 4 6 8 9 |  9.2
Polearms       | 4 6 8 9 |  9.5
Crossbows      | 1 2 |  2.1
Long Blades    | |  0.8

Action                   |  1- 3 |  4- 6 |  7- 9 | 10-12 || total
-------------------------+-------+-------+-------+-------++-------
Melee: War axe           |    86 |   141 |   200 |       ||   427
       Unarmed           |       |       |     2 |       ||     2
       Lance             |       |       |   114 |   555 ||   669
       Spear             |       |       |     4 |       ||     4
       Scimitar          |       |       |       |     8 ||     8
       Trident           |       |       |       |     3 ||     3
 Fire: Hand crossbow     |       |       |     3 |    14 ||    17
Invok: Lunge             |       |       |    17 |    26 ||    43
       Whirlwind         |       |       |     9 |    18 ||    27
 Abil: Dig               |     3 |       |     3 |     6 ||    12
Evoke: Wand              |       |       |       |     1 ||     1
  Use: Potion            |       |     1 |     3 |     5 ||     9
       Scroll            |       |       |     1 |    11 ||    12
 Stab: Sleeping          |       |       |     1 |    10 ||    11
       Distracted        |       |       |       |     1 ||     1
Armor: Scale mail        |    43 |    55 |    60 |       ||   158
       Skin              |       |       |    10 |       ||    10
       Swamp dragon scal |       |       |    27 |   102 ||   129
Dodge: Dodged            |    33 |    34 |   110 |   170 ||   347
Block: Kite shield       |    42 |    83 |   162 |   215 ||   502
       Rpst.: Scimitar   |       |       |       |     5 ||     5
